 Dungeon Crawl Stone Soup version 0.32-a0-614-gd166fa89d2 (webtiles) character file.

Game seed: 16330035757579753957

106 mopl the Chopper (level 4, -16/35 HPs)
             Began as a Demonspawn Fighter on Mar 5, 2024.
             Demolished by an ogre
             ... wielding a +0 giant club
              (17 damage)
             ... on level 3 of the Dungeon.
             The game lasted 00:02:06 (1577 turns).

mopl the Chopper (Demonspawn Fighter)               Turns: 1577, Time: 00:02:07

Health: -16/35     AC:  7    Str: 18    XL:     4   Next: 55%
Magic:  4/4        EV: 10    Int:  8    God:
Gold:   167        SH:  4    Dex: 13    Spells: 3/3 levels left

rFire   . . .        a - +0 war axe
rCold   + . .        c - +0 buckler
rNeg    . . .        n - +3 leather armour "Yreol" {rElec rPois rC+ Stlth+}
rPois   +            (no helmet)
rElec   +            k - scarf {repulsion}
rCorr   .            (no gloves)
SInv    .            (no boots)
Will    .....        (no amulet)
Stlth   ++           (no ring)
HPRegen 0.25/turn    (no ring)
MPRegen 0.09/turn

%: repel missiles
@: no status effects
A: sharp scales 1
a: no special abilities


You were on level 3 of the Dungeon.
You visited 1 branch of the dungeon, and saw 3 of its levels.

You collected 167 gold pieces.

Inventory:

Hand Weapons
 a - a +0 war axe (weapon)
Missiles
 j - 5 datura-tipped darts
Armour
 b - a +0 scale mail
 c - a +0 buckler (worn)
 k - a scarf of repulsion (worn)
 m - a scarf of harm
 n - the +3 leather armour "Yreol" (worn) {rElec rPois rC+ Stlth+}
   (You found it on level 2 of the Dungeon)

   rC+:       It protects you from cold.
   rElec:     It insulates you from electricity.
   rPois:     It protects you from poison.
   Stlth+:    It makes you more stealthy.
Jewellery
 s - an amulet of faith {!P}
Scrolls
 e - a scroll of revelation {unknown}
 f - a scroll of poison {unknown}
 g - a scroll of identify {unknown}
 h - a scroll of amnesia {unknown}
 l - a scroll of teleportation {unknown}
 r - a scroll of enchant weapon {unknown}
Potions
 d - a potion of might
 i - a potion of curing {unknown}
 o - a potion of attraction {unknown}
 p - a potion of heal wounds {unknown}


   Skills:
 - Level 3.0 Fighting
 * Level 4.4 Axes
 - Level 2.6 Armour
 - Level 2.6 Shields


You had 3 spell levels left.
You didn't know any spells.
Your spell library was empty.

Dungeon Overview and Level Annotations

Branches:
Dungeon (3/15)

Altars:


Innate Abilities, Weirdness & Mutations

You are partially covered in razor-sharp scales. (AC +1, Slay +1)


Message History

An adder is nearby!
You slash the adder!
The adder is severely wounded.
You feel sick. The adder barely misses you. You block the adder's attack.
You hit the adder.
You kill the adder!
You feel sick.
No target in view!
No target in view!
You feel sick.
You are no longer poisoned.
s - an amulet of faith {!P} HP restored.
An ogre comes into view. It is wielding a +0 giant club.
Found a stone staircase leading down.
You throw a poisoned dart. The poisoned dart hits the ogre.
The ogre shouts!
You throw a poisoned dart. The poisoned dart hits the ogre.
The ogre is poisoned.
You throw a poisoned dart. The poisoned dart hits the ogre.
The ogre looks even sicker.
Found a chain mail.
You barely miss the ogre.
The ogre is lightly wounded.
The ogre hits you with a +0 giant club!!
Ouch! That really hurt!
You are too injured to fight recklessly!
You are too injured to fight recklessly!
You are too injured to fight recklessly!
You hit the ogre but do no damage.
The ogre is lightly wounded.
The ogre closely misses you.
You barely miss the ogre.
The ogre is lightly wounded.
The ogre hits you with a +0 giant club!
* * * LOW HITPOINT WARNING * * *
You slash the ogre!
The ogre is heavily wounded.
The ogre hits you with a +0 giant club!
You die...

##.#.###.# #......#.# #
#..#.#.#.# #. #..#.#.#.# ..
#..#.#.#.# #. #..#.#.#.# ### #[.
#..#.#.#.# #<# ###...#..#.#.#.#
#.#.# (((..>O@.#.#...# #.#.###
########.#.###### #.#.#..
..#......# #.#.#.# #######.#
#.#.#.########## #.#
#.#.#.##.......# #.#
#.#.#.##.......########.###
##...#..'.......+..........#
...###..#.......#....#..##.#####


You could see an ogre (poisoned).

Vanquished Creatures
  2 gnolls (D:2)
  4 adders
  A ribbon worm (D:2)
  An endoplasm (D:1)
  4 giant cockroaches
  4 goblins
  2 hobgoblins (D:1)
  4 jackals (D:2)
  5 kobolds
  4 quokkas (D:2)
  6 ball pythons
  4 bats (D:1)
  3 frilled lizards
  5 rats
49 creatures vanquished.

Notes
Turn   | Place    | Note
-------+----------+-------------------------------------------
     0 | D:1      | mopl the Demonspawn Fighter began the quest for the Orb.
     0 | D:1      | Reached XP level 1. HP: 18/18 MP: 1/1
   124 | D:1      | Reached skill level 2 in Axes
   199 | D:1      | Gained mutation: You are partially covered in razor-sharp
                  | scales. (AC +1, Slay +1) [demonic ancestry]
   199 | D:1      | Reached XP level 2. HP: 24/24 MP: 2/2
   355 | D:1      | Reached skill level 3 in Axes
   653 | D:2      | Reached XP level 3. HP: 29/29 MP: 3/3
   665 | D:2      | Found a faded altar of an unknown god.
   742 | D:2      | Identified the +3 leather armour "Yreol" {rElec rPois rC+
                  | Stlth+}
  1157 | D:2      | Reached skill level 4 in Axes
  1157 | D:2      | Reached XP level 4. HP: 28/35 MP: 4/4
  1567 | D:3      | Noticed an ogre
  1576 | D:3      | HP: 1/35 [ogre/+0 giant club (16)]
  1577 | D:3      | Demolished by an ogre

Illustrated notes

Levels and vault maps discovered:
D:1:      nagdon_arrival_double_spiral, layout_loops_ring
D:2:      wad_woods_tower, layout_basic, ebering_ecumenical_altar_box
D:3:      minmay_goblin_kobold_castle, layout_basic, jmf_multi_god_temple2

Skill      XL: |  1  2  3 |
---------------+----------+-----
Axes           | 2 3 4 |  4.4
Fighting       | |  3.0
Armour         | |  2.6
Shields        | |  2.6

Action                     |  1- 3 |  4- 6 || total
---------------------------+-------+-------++-------
  Melee: War axe           |    92 |    30 ||   122
  Throw: Dart              |       |     3 ||     3
   Stab: Sleeping          |     3 |       ||     3
 Armour: Scale mail        |    46 |       ||    46
         Leather armour    |    16 |    26 ||    42
  Dodge: Dodged            |    43 |    12 ||    55
  Block: Buckler           |    23 |     5 ||    28

Table legend: (Time is in decaauts)
 A = Elapsed time spent in this place.
 B = Non-inter-level travel time spent in this place.
 C = Inter-level travel time spent in this place.
 D = Time resting spent in this place.
 E = Time spent auto-exploring this place.
 F = Levels seen in this place.
 G = Mean time per level.
                   A        B        C        D        E       F      G
               +--------+--------+--------+--------+--------+-----+--------+
         Total |   1622 |   1533 |     89 |      0 |   1163 |   3 |  540.7 |
       Dungeon |   1622 |   1533 |     89 |      0 |   1163 |   3 |  540.7 |
               +--------+--------+--------+--------+--------+-----+--------+

Top non-repeatable levels by time:
     D:2: 851 daAuts
     D:1: 668 daAuts
     D:3: 102 daAuts
